 Dungeon Crawl Stone Soup version 0.31-a0-188-g5e087ee2ca (webtiles) character file.

Game seed: 4463044766411088921

18 qw the Shooter (level 2, -2/16 HPs)
             Began as a Deep Elf Hunter on June 23, 2023.
             Slain by Sigmund
             ... wielding a +2 scythe of venom
              (7 damage)
             ... on level 2 of the Dungeon.
             The game lasted 00:00:13 (904 turns).

qw the Shooter (Deep Elf Hunter)                     Turns: 904, Time: 00:00:13

Health: -2/16      AC:  3    Str:  8    XL:     2   Next: 48%
Magic:  4/4        EV: 12    Int: 13    God:
Gold:   77         SH:  0    Dex: 18    Spells: 1/1 levels left

rFire   . . .        a - +0 shortbow
rCold   . . .        (shield currently unavailable)
rNeg    . . .        c - +0 leather armour
rPois   .            (no helmet)
rElec   .            (no cloak)
rCorr   +            (no gloves)
SInv    .            (no boots)
Will    .....        (no amulet)
Stlth   ++           h - ring of resist corrosion
HPRegen 0.22/turn    (no ring)
MPRegen 0.09/turn

%: no passive effects
@: lethally poisoned (-2 -> -15)
A: no striking features
a: no special abilities


You were on level 2 of the Dungeon.
You visited 1 branch of the dungeon, and saw 2 of its levels.

You collected 77 gold pieces.


   Skills:
 - Level 1.5 Fighting
 + Level 6.3 Ranged Weapons
 - Level 2.4 Dodging
 - Level 1.2 Stealth


You had one spell level left.
You didn't know any spells.
Your spell library was empty.

Inventory:

Hand Weapons
 a - a +0 shortbow (weapon)
Armour
 c - a +0 leather armour (worn)
Jewellery
 h - a ring of resist corrosion (left hand)
Potions
 d - a potion of haste {unknown}
 e - a potion of heal wounds {unknown}
 f - a potion of degeneration {unknown}
 g - a potion of enlightenment {unknown}
 i - a potion of might {unknown}

Dungeon Overview and Level Annotations

Branches:
Dungeon (2/15)

Altars:

Annotations:
D:2 Sigmund


Message History

You shoot an arrow. The arrow hits the endoplasm.
The endoplasm is almost dead.
Sigmund shouts!
You shoot an arrow.
The arrow hits the endoplasm but does no damage.
The endoplasm is almost dead.
You shoot an arrow. The arrow hits the endoplasm.
You kill the endoplasm!
You shoot an arrow.
The arrow hits Sigmund but does no damage.
You shoot an arrow.
The arrow hits Sigmund but does no damage.
You shoot an arrow. The arrow hits Sigmund.
Sigmund is lightly wounded.
Sigmund completely misses you.
You shoot an arrow. The arrow completely misses Sigmund.
You flicker for a moment.
A hobgoblin comes into view.
You shoot an arrow. The arrow hits Sigmund.
Sigmund is moderately wounded.
The hobgoblin shouts!
Sigmund closely misses you.
You shoot an arrow.
The arrow hits Sigmund but does no damage.
Sigmund is moderately wounded.
A giant cockroach comes into view.
Sigmund barely misses you.
You shoot an arrow. The arrow barely misses Sigmund.
The arrow hits the giant cockroach!
You kill the giant cockroach!
You shoot an arrow. The arrow hits Sigmund.
Sigmund is moderately wounded.
Sigmund screams, "You will never...
NEVER!!!"
Sigmund hits you with a +2 scythe of venom!
You are lethally poisoned!
904 ||| STAIRDANCE You flicker back into view.
You feel very sick.
Sigmund hits you with a +2 scythe of venom!
You die...

o... ...
... #..
##%# ..#
#..
##@##....#
#.@....#
####.#....
# #


You could see Sigmund and an orc (wandering).

Vanquished Creatures
  2 ball pythons (D:1)
  2 endoplasms
  2 giant cockroaches
  A hobgoblin (D:1)
  A quokka (D:1)
  4 bats (D:1)
  A frilled lizard (D:1)
  A goblin (D:1)
  3 kobolds (D:1)
17 creatures vanquished.

Notes
Turn   | Place    | Note
-------+----------+-------------------------------------------
     0 | D:1      | qw the Deep Elf Hunter began the quest for the Orb.
     0 | D:1      | Reached XP level 1. HP: 12/12 MP: 3/3
     0 | D:1      | 0 ||| qw: Version: 0.3-a-9-g12657ce
     0 | D:1      | 0 ||| qw: Game counter: 3985
     0 | D:1      | 0 ||| qw: Always use a shield: true
     0 | D:1      | 0 ||| qw: God list: Okawaru
     0 | D:1      | 0 ||| qw: Allow faded altars: false
     0 | D:1      | 0 ||| qw: Do Orc after D:15 true
     0 | D:1      | 0 ||| qw: Do second Lair branch before Depths: true
     0 | D:1      | 0 ||| qw: Lair rune preference: random
     0 | D:1      | 0 ||| qw: Plans: Normal
     0 | D:1      | 0 ||| PLANNING D:1-11
   271 | D:1      | Found a faded altar of an unknown god.
   392 | D:1      | Reached skill level 6 in Ranged Weapons
   392 | D:1      | Reached XP level 2. HP: 16/16 MP: 4/4
   870 | D:1      | 870 ||| UPGRADING to ring of resist corrosion.
   871 | D:1      | 871 ||| DRINKING 2 fizzy silvery potions.
   872 | D:1      | 872 ||| DROPPING scroll of butterflies.
   873 | D:1      | 873 ||| DROPPING potion of invisibility.
   891 | D:2      | Noticed Sigmund
   904 | D:2      | 904 ||| STAIRDANCE
   904 | D:2      | Slain by Sigmund

Levels and vault maps discovered:
D:1:      onia_arrival_mini_spirals, layout_basic, ebering_ecumenical_altar_hall
D:2:      layout_rooms, uniq_sigmund

Skill      XL: |  1 |
---------------+----+-----
Ranged Weapons | 6 |  6.3
Fighting       | |  1.5
Dodging        | |  2.4
Stealth        | |  1.2

Action                     || total
---------------------------++-------
   Fire: Shortbow          ||    45
    Use: Potion            ||     1
 Armour: Leather armour    ||     4
  Dodge: Dodged            ||     9

Table legend:
 A = Non-vault XP
 B = Vault XP
 C = Vault XP percentage of total XP
 D = Non-vault monster count
 E = Vault monster count
 F = Vault count percentage of total count
                 A         B        C        D         E       F
            +---------+---------+-------+---------+---------+-------
      Total |      26 |       0 |   0.0 |      17 |       0 |   0.0
            +---------+---------+-------+---------+---------+-------
        D:1 |      22 |       0 |   0.0 |      15 |       0 |   0.0
        D:2 |       4 |       0 |   0.0 |       2 |       0 |   0.0
            +---------+---------+-------+---------+---------+-------
